 Dungeon Crawl Stone Soup version 0.21-a0-122-g43b3ea6 (webtiles) character file.

91 Gorglomux the Skirmisher (level 4, -1/42 HPs)
             Began as a Hill Orc Abyssal Knight on July 13, 2017.
             Was a Follower of Lugonu.
             Slain by Natasha (6 damage)
             ... on level 2 of the Dungeon.
             The game lasted 00:01:41 (2070 turns).

Gorglomux the Skirmisher (Hill Orc Abyssal Knight)  Turns: 2070, Time: 00:01:41

Health: -1/42      AC:  3    Str: 15    XL:     4   Next: 57%
Magic:  5/5        EV: 11    Int: 12    God:    Lugonu [*.....]
Gold:   118        SH:  0    Dex: 16    Spells: 3/3 levels left

rFire    . . .     SeeInvis .   a - +1 hand axe
rCold    . . .     Gourm    .   (no shield)
rNeg     . . .     Faith    .   b - +0 leather armour
rPois    .         Spirit   .   (no helmet)
rElec    .         Reflect  .   (no cloak)
rCorr    .         Harm     .   (no gloves)
MR       .....                  (no boots)
Stlth    +.........             (no amulet)
HPRegen  0.14/turn              j - +3 ring of dexterity
MPRegen  0.09/turn              k - +3 ring of dexterity

@: no status effects
A: no striking features
a: Depart the Abyss, Renounce Religion


You were on level 2 of the Dungeon.
You worshipped Lugonu.
Lugonu was aware of your devotion.
You were hungry.

You visited 1 branch of the dungeon, and saw 2 of its levels.
You visited the Abyss 1 time.

You collected 118 gold pieces.

Inventory:

Hand Weapons
 a - a +1 hand axe (weapon)
Armour
 b - a +0 leather armour (worn)
Jewellery
 j - a +3 ring of dexterity (left hand)
 k - a +3 ring of dexterity (right hand)
 u - an uncursed ring of protection from fire {unknown}
Scrolls
 d - 2 scrolls of identify {unknown}
 p - a scroll of magic mapping {unknown}
 q - a scroll of immolation {unknown}
Potions
 h - a potion of flight {unknown}
 i - 2 potions of curing {unknown}
 m - 2 potions of lignification {unknown}
 n - a potion of heal wounds {unknown}
 t - 2 potions of ambrosia {unknown}
Comestibles
 c - 2 bread rations
 f - 2 royal jellies
 r - 8 fruits


   Skills:
 + Level 5.1 Fighting
 + Level 4.6 Axes
 - Level 2.1 Armour
 - Level 0.7 Dodging
 - Level 2.4 Invocations


You had 3 spell levels left.
You didn't know any spells.

Dungeon Overview and Level Annotations

Branches:
Dungeon (2/15)

Altars:
Nemelex Xobeh

Annotations:
D:2 Natasha


Message History

Natasha misses you.
The shadow imp hits you but does no damage.
You closely miss Natasha.
Natasha is lightly wounded.
You hit the iron imp.
You hit the shadow imp but do no damage.
The iron imp hits you. Natasha claws you.
The shadow imp hits you but does no damage.
You hit Natasha.
Natasha is moderately wounded.
You hit the shadow imp but do no damage.
You hit the iron imp. Natasha claws you!
* * * LOW HITPOINT WARNING * * *
The iron imp barely misses you.
The shadow imp hits you but does no damage.
You hit Natasha.
Natasha is severely wounded.
You closely miss the shadow imp. You barely miss the iron imp.
Natasha claws you.
You die...

......#.......##.#
...##...##.....#.#
..####.####....#.#
.##..#'#..##.....#
.##.......##.....#####
..##.._..##..........#
...##...##...........#
##.J##.##............#
#...###..#....5@....#
#.......##.....5h...#
#####.#..##......>...#
..........'..........#
#####.#####..........#
#.....# #..........#
#.##### #..........#
......# #..........#
......#


You could see an iron imp, Natasha and a shadow imp.

Vanquished Creatures
  Natasha (twice) (D:2)
  An ooze (D:2)
  A dart slug (D:1)
  A worm (D:2)
  2 leopard geckos (D:1)
  2 bats (D:1)
  3 goblins (D:1)
  4 hobgoblins
  6 kobolds
  A ball python (D:1)
  4 frilled lizards
  8 rats
35 creatures vanquished.

Notes
Turn   | Place    | Note
-------+----------+-------------------------------------------
     0 | Abyss:1  | Gorglomux the Hill Orc Abyssal Knight began the quest for the Orb.
     0 | Abyss:1  | Reached XP level 1. HP: 19/19 MP: 2/2
    62 | Abyss:1  | Found a corrupted altar of Lugonu.
    69 | D:1      | Escaped the Abyss
   163 | D:1      | Reached skill level 3 in Axes
   281 | D:1      | Reached XP level 2. HP: 9/27 MP: 3/3
   581 | D:1      | Reached skill level 4 in Fighting
   992 | D:1      | Reached XP level 3. HP: 33/33 MP: 4/4
  1464 | D:2      | Found a sparkling altar of Nemelex Xobeh.
  1575 | D:2      | Noticed Natasha
  1581 | D:2      | Killed Natasha
  1581 | D:2      | Reached XP level 4. HP: 32/41 MP: 5/5
  1586 | D:2      | Noticed Natasha
  1614 | D:2      | Killed Natasha
  1614 | D:2      | Reached skill level 5 in Fighting
  2057 | D:2      | Noticed Natasha
  2070 | D:2      | Slain by Natasha

Vault maps used:
D:1:      dpeg_arrival_water_fire
D:2:      nemelex_lonely_heart_becter, uniq_natasha

Skill      XL: |  1  2  3  4 |
---------------+-------------+-----
Axes           | 3 4 |  4.6
Fighting       | 4 5 |  5.1
Armour         | |  2.1
Dodging        | |  0.7
Invocations    | |  2.4

Action                   |  1- 3 |  4- 6 || total
-------------------------+-------+-------++-------
Melee: Hand axe          |    79 |    34 ||   113
  Eat: Chunk             |     2 |     1 ||     3
Armor: Leather armour    |    21 |     8 ||    29
Dodge: Dodged            |    39 |    15 ||    54
